 Dungeon Crawl Stone Soup version 0.29-a0-648-g6b26cc9f40 (webtiles) character file.

Game seed: 3109628520469050216

123 frimble the Grasshopper (level 5, -3/35 HPs)
             Began as an Octopode Warper on June 21, 2022.
             Slain by an ice beast (14 damage)
             ... on level 4 of the Dungeon.
             The game lasted 00:04:16 (3565 turns).

frimble the Grasshopper (Octopode Warper)           Turns: 3565, Time: 00:04:17

Health: -3/35      AC:  1    Str: 16    XL:     5   Next: 7%
Magic:  6/8        EV: 13    Int: 15    God:
Gold:   158        SH:  4    Dex: 14    Spells: 6/8 levels left

rFire   . . .      SeeInvis .   b - +0 hunting sling (flame)
rCold   . . .      Faith    .   g - +0 buckler
rNeg    . . .      Spirit   .   (helmet restricted)
rPois   .          Reflect  .   d - amulet of the acrobat
rElec   .          Harm     .   e - +6 ring of strength
rCorr   .          Rampage  .   (no ring)
Will    .....                   (no ring)
Stlth   +++.......              (no ring)
HPRegen 0.11/turn               (no ring)
MPRegen 0.11/turn               (no ring)
                                (no ring)
                                (no ring)

@: about to teleport, on blink cooldown
A: almost no armour, amphibious, 8 rings, camouflage 1, gelatinous body 1,
(nimble swimmer 1), tentacles
a: no special abilities


You were on level 4 of the Dungeon.
You visited 1 branch of the dungeon, and saw 4 of its levels.

You collected 158 gold pieces.

Inventory:

Hand Weapons
 a - a +0 falchion
 b - a +0 hunting sling of flaming (weapon)
Missiles
 c - 12 boomerangs of dispersal
 i - 6 javelins
Armour
 g - a +0 buckler (worn)
Jewellery
 d - an amulet of the acrobat (around mantle)
 e - a +6 ring of strength (left tentacle)
Scrolls
 j - 2 scrolls of enchant weapon {unknown}
 k - a scroll of poison {unknown}
 l - 3 scrolls of blinking
 n - a scroll of teleportation
Potions
 h - 2 potions of attraction


   Skills:
 - Level 2.5 Fighting
 - Level 2.5 Long Blades
 + Level 1.0(1.4) Slings
 - Level 1.6(1.8) Throwing
 - Level 2.7 Dodging
 + Level 1.7 Stealth
 + Level 1.0 Shields
 - Level 2.3 Spellcasting
 + Level 3.6 Translocations


You had 6 spell levels left.
You knew the following spells:

 Your Spells              Type           Power      Damage    Failure   Level
a - Blink                 Tloc           24%        N/A       10%         2

Your spell library contained the following spells:

 Spells                   Type           Power      Damage    Failure   Level
 Gell's Gravitas          Tloc           12%        N/A       21%         3
 Lesser Beckoning         Tloc           12%        N/A       21%         3
 Teleport Other           Tloc           12%        N/A       21%         3
 Manifold Assault         Tloc           12%        N/A       88%         5


Dungeon Overview and Level Annotations

Branches:
Dungeon (4/15)
 Temple: D:4-7

Altars:

Shops:
D:2 [

Annotations:
D:3 Sigmund


Innate Abilities, Weirdness & Mutations

You cannot wear most types of armour.
You are amphibious.
You can wear up to eight rings at the same time.
Your skin changes colour to match your surroundings (Stealth+).
Your rubbery body absorbs attacks. (AC +1, EV +1)
((You are camouflaged when in or above water. (Stealth+)))
You have tentacles for arms and can constrict up to eight enemies at once.


Message History

You feel stable enough to blink again. The ice beast barely misses you.
You block the ice beast's attack.
Casting: Blink (safe; 10% risk of failure)
Confirm with . or Enter, or press ? or * to list all spells.
You miscast Blink.
You are very lightly contaminated with residual magic.
Nothing appears to happen.
The ice beast hits you. The ice beast freezes you!
* * * LOW HITPOINT WARNING * * *
Casting: Blink (safe; 10% risk of failure)
Confirm with . or Enter, or press ? or * to list all spells.
You blink.
You feel stable enough to blink again.
Your magical contamination has completely faded away.
There is a stone staircase leading up here.
You climb upwards.
Level annotation: Sigmund
There is a stone staircase leading down here.
You start resting.
Sigmund is nearby!
You start resting.
Magic restored.
You start resting.
Sigmund is nearby!
You start resting.
Sigmund is nearby!
There is a stone staircase leading down here.
You climb downwards.
The ice beast hits you. The ice beast freezes you!
There is a stone staircase leading up here.
Casting: Blink (safe; 10% risk of failure)
Confirm with . or Enter, or press ? or * to list all spells.
You blink.
You feel stable enough to blink again.
You open the door.
A phantom and a hound come into view.
Casting: Blink (safe; 10% risk of failure)
Confirm with . or Enter, or press ? or * to list all spells.
You blink.
The ice beast closely misses you.
As you read the scroll of teleportation, it crumbles to dust.
You feel strangely unstable. The ice beast hits you. The ice beast freezes you!
You die...

####### ......# ......#
......# ......# .<....#
......# ......# ########
### ##...## #...@..##.....
#############....Y§'.W....
...................#......
...................# .....
...........######### ..h.
#....##....# ...... ..#
#....##....##...... ##
##...##............
#..................


You could see an ice beast and a phantom.

Vanquished Creatures
  Natasha (D:4)
  Robin (D:2)
  An adder (D:3)
  A worm (D:3)
  An orc (D:3)
  4 ball pythons
  5 bats
  3 endoplasms
  3 giant cockroaches
  10 goblins
  15 hobgoblins
  2 jackals (D:4)
  8 kobolds
  4 quokkas
  4 frilled lizards
  4 rats
67 creatures vanquished.

Vanquished Creatures (others)
  A fungus (D:3)
  11 plants
12 creatures vanquished.

Grand Total: 79 creatures vanquished

Notes
Turn   | Place    | Note
-------+----------+-------------------------------------------
     0 | D:1      | frimble the Octopode Warper began the quest for the Orb.
     0 | D:1      | Reached XP level 1. HP: 14/14 MP: 3/3
   262 | D:1      | Reached XP level 2. HP: 19/19 MP: 5/5
   740 | D:1      | Reached XP level 3. HP: 24/24 MP: 6/6
   834 | D:1      | You fall into a shaft and drop 1 floor!
  1463 | D:2      | Noticed Robin
  1472 | D:2      | Killed Robin
  1563 | D:2      | Reached XP level 4. HP: 27/30 MP: 7/7
  1630 | D:2      | Found Fogusk's Armour Boutique.
  1808 | D:2      | Learned a level 2 spell: Blink
  2126 | D:3      | Found a faded altar of an unknown god.
  2300 | D:3      | Noticed Sigmund
  2306 | D:3      | Reached skill level 1 in Stealth
  2319 | D:4      | HP: 1/30 [jackal (1)]
  2627 | D:4      | Noticed Natasha
  2638 | D:4      | Killed Natasha
  2639 | D:4      | Reached skill level 1 in Slings
  2639 | D:4      | Reached XP level 5. HP: 21/35 MP: 8/8
  2777 | D:4      | Noticed an ice beast
  3178 | D:3      | Reached skill level 1 in Shields
  3563 | D:4      | Noticed a phantom
  3565 | D:4      | Slain by an ice beast

Illustrated notes

Levels and vault maps discovered:
D:1:      dpeg_arrival_castle, layout_rooms, lexackson_kobold_supper
D:2:      layout_rooms, serial_shops, shop, uniq_robin
D:3:      layout_basic, shapermc_ecumenical_altar_mp_ritualfount, uniq_sigmund
D:4:      layout_gridville, kennysheep_windowed_goal, uniq_natasha,
          uniq_duvessa, uniq_eustachio

Skill      XL: |  1  2  3  4  5 |
---------------+----------------+-----
Stealth        | 1 |  1.7
Slings         | 1 |  1.0
Shields        | 1 |  1.0
Fighting       | |  2.5
Long Blades    | |  2.5
Throwing       | |  1.6
Dodging        | |  2.7
Spellcasting   | |  2.3
Translocations | |  3.6

Action                   |  1- 3 |  4- 6 || total
-------------------------+-------+-------++-------
Melee: Falchion          |    67 |    49 ||   116
       Constrict         |    16 |    16 ||    32
       Tentacles         |    10 |     8 ||    18
 Fire: Hunting sling     |       |    33 ||    33
 Cast: Blink             |       |     5 ||     5
  Use: Scroll            |     6 |     2 ||     8
       Potion            |       |     2 ||     2
 Stab: Sleeping          |     2 |     2 ||     4
Armor: Skin              |     9 |     3 ||    12
Dodge: Dodged            |    61 |    31 ||    92
Block: Buckler           |       |     9 ||     9

Table legend: (Time is in decaauts)
 A = Elapsed time spent in this place.
 B = Non-inter-level travel time spent in this place.
 C = Inter-level travel time spent in this place.
 D = Time resting spent in this place.
 E = Time spent auto-exploring this place.
 F = Levels seen in this place.
 G = Mean time per level.
                   A        B        C        D        E       F      G
               +--------+--------+--------+--------+--------+-----+--------+
         Total |   3603 |   3486 |    117 |    413 |   2549 |   4 |  900.8 |
       Dungeon |   3603 |   3486 |    117 |    413 |   2549 |   4 |  900.8 |
               +--------+--------+--------+--------+--------+-----+--------+

Top non-repeatable levels by time:
     D:1: 1423 daAuts
     D:3: 1077 daAuts
     D:2: 571 daAuts
     D:4: 531 daAuts
